 Dungeon Crawl Stone Soup version 0.28-a0-627-g4e9751bbfc (webtiles) character file.

Game seed: 3561989870165171780

70 KristoblXynda the Slasher (level 4, 0/38 HPs)
             Began as a Draconian Gladiator on Oct 8, 2021.
             Killed from afar by Sigmund (14 damage)
             ... with a puff of flame
             ... on level 2 of the Dungeon.
             The game lasted 00:01:31 (1356 turns).

KristoblXynda the Slasher (Draconian Gladiator)     Turns: 1356, Time: 00:01:31

Health: 0/38       AC:  5    Str: 17    XL:     4   Next: 3%
Magic:  4/4        EV: 12    Int:  9    God:
Gold:   61         SH:  0    Dex: 12    Spells: 3/3 levels left

rFire   . . .      SeeInvis .   a - +0 long sword
rCold   . . .      Faith    .   (no shield)
rNeg    . . .      Spirit   .   (armour unavailable)
rPois   .          Reflect  .   b - +0 hat
rElec   .          Harm     .   (no cloak)
rCorr   .          Rampage  .   (no gloves)
Will    .....                   (no boots)
Stlth   +.........              (no amulet)
HPRegen 0.12/turn               (no ring)
MPRegen 0.09/turn               (no ring)

@: no status effects
A: AC +5, unfitting armour, cold-blooded
a: no special abilities


You were on level 2 of the Dungeon.
You visited 1 branch of the dungeon, and saw 2 of its levels.

You collected 61 gold pieces.

Inventory:

Hand Weapons
 a - a +0 long sword (weapon)
Missiles
 c - 3 throwing nets (quivered)
Armour
 b - a +0 hat (worn)
Wands
 k - a wand of polymorph (7)
Scrolls
 g - a scroll of magic mapping {unknown}
 h - 2 scrolls of identify {unknown}
Potions
 d - a potion of curing
 e - a potion of haste
 i - a potion of brilliance {unknown}
 j - a potion of magic {unknown}


   Skills:
 + Level 3.0 Fighting
 * Level 3.9 Long Blades
 - Level 2.0 Throwing
 + Level 3.2 Dodging


You had 3 spell levels left.
You didn't know any spells.
Your spell library was empty.

Dungeon Overview and Level Annotations

Branches:
Dungeon (2/15)

Altars:

Annotations:
D:2 Sigmund


Innate Abilities, Weirdness & Mutations

Your plain brown scales are hard. (AC +5)
You cannot fit into any form of body armour.
You are cold-blooded and may be slowed by cold attacks.


Message History

The endoplasm closely misses you. The orc completely misses you.
The orc wizard completely misses you.
The orc wizard hits you with a +0 dagger.
The orc hits you with a +0 trident.
* * * LOW HITPOINT WARNING * * *
Something hits you but does no damage.
Things that are here:
a +0 club; a +0 robe; the human corpse of Jessica The orc hits you from afar with a +0 trident.
* * * LOW HITPOINT WARNING * * *
Unknown command.
Found a scroll labelled GOULEU KIRCHIGH.
It was a potion of heal wounds.
You feel much better. The orc barely misses you.
You slash the orc!
You kill the orc!
You have reached level 4!
You feel clever.
You closely miss the orc. The orc barely misses you. Something hits you!
The orc hits you but does no damage.
You hit the orc.
The orc is lightly wounded.
The orc barely misses you. Something hits you!
You slash the orc!
You kill the orc!
You hear a zap.
A puff of flame appears from out of thin air!
The puff of flame misses you.
Items here: ( )) [ †.
You completely miss something.
You hear a zap.
A puff of flame appears from out of thin air!
The puff of flame misses you.
You closely miss something.
Your tail-slap misses something.
Something hits you.
You barely miss something.
Your tail-slap misses something.
You hear a zap.
A puff of flame appears from out of thin air!
The puff of flame hits you!
You die...

......####..)...# #
................# #
......#........$# #
........##.#....# #
......####.#....#### ##
..........o)........
..............J.......
...##.######.############
........@{Jo..# #
.####.#####o....... # #
........? # ##.####### #
..# # .## .#


You could see an orc wizard, an orc and an endoplasm.

Vanquished Creatures
  Jessica (D:2)
  A worm (D:2)
  2 dart slugs (D:1)
  3 orcs (D:2)
  2 endoplasms (D:1)
  2 giant cockroaches (D:1)
  4 goblins (D:1)
  A hobgoblin (D:1)
  5 quokkas
  3 bats
  A frilled lizard (D:1)
  4 kobolds (D:1)
  4 rats (D:1)
33 creatures vanquished.

Notes
Turn   | Place    | Note
-------+----------+-------------------------------------------
     0 | D:1      | KristoblXynda the Draconian Gladiator began the quest for
                  | the Orb.
     0 | D:1      | Reached XP level 1. HP: 17/17 MP: 1/1
   391 | D:1      | Reached XP level 2. HP: 24/25 MP: 2/2
   789 | D:1      | Reached XP level 3. HP: 30/30 MP: 3/3
  1237 | D:2      | Noticed Jessica
  1244 | D:2      | Killed Jessica
  1328 | D:2      | Noticed Sigmund
  1350 | D:2      | Reached XP level 4. HP: 38/38 MP: 4/4
  1356 | D:2      | Killed from afar by Sigmund

Illustrated notes

Levels and vault maps discovered:
D:1:      minmay_arrival_nine_rooms, layout_loops_ring, minmay_octomino_c4
D:2:      layout_rooms, basic_altar, uniq_terence, uniq_jessica, uniq_sigmund,
          uniq_robin

Skill      XL: |  1  2  3 |
---------------+----------+-----
Throwing       | 2 |  2.0
Dodging        | 3 |  3.2
Fighting       | 3 |  3.0
Long Blades    | |  3.9

Action                   |  1- 3 |  4- 6 || total
-------------------------+-------+-------++-------
Melee: Long sword        |    82 |     6 ||    88
       Tailslap          |     6 |       ||     6
  Use: Potion            |     2 |       ||     2
 Stab: Sleeping          |     3 |       ||     3
Armor: Skin              |    34 |     1 ||    35
Dodge: Dodged            |    71 |     4 ||    75

Table legend: (Time is in decaauts)
 A = Elapsed time spent in this place.
 B = Non-inter-level travel time spent in this place.
 C = Inter-level travel time spent in this place.
 D = Time resting spent in this place.
 E = Time spent auto-exploring this place.
 F = Levels seen in this place.
 G = Mean time per level.
                   A        B        C        D        E       F      G
               +--------+--------+--------+--------+--------+-----+--------+
         Total |   1380 |   1378 |      2 |      0 |   1154 |   2 |  690.0 |
       Dungeon |   1380 |   1378 |      2 |      0 |   1154 |   2 |  690.0 |
               +--------+--------+--------+--------+--------+-----+--------+

Top non-repeatable levels by time:
     D:1: 1161 daAuts
     D:2: 218 daAuts
